 Dungeon Crawl Stone Soup version 0.23.1 (webtiles) character file.

Game seed: 2374575347325763371

266 PentaManta the Cutter (level 6, -9/60 HPs)
             Began as a Kobold Abyssal Knight on Mar 13, 2019.
             Was a Believer of Lugonu.
             Mangled by Tutankhamun's ghost (10 damage)
             ... on level 3 of the Dungeon.
             The game lasted 00:12:39 (4203 turns).

PentaManta the Cutter (Kobold Abyssal Knight)       Turns: 4203, Time: 00:12:40

Health: -9/60      AC:  4    Str: 16    XL:     6   Next: 44%
Magic:  6/7        EV: 15    Int: 13    God:    Lugonu [**....]
Gold:   51         SH:  0    Dex: 15    Spells: 5/5 levels left

rFire    . . .     SeeInvis .   p - +0 rapier
rCold    + . .     Gourm    .   (shield restricted)
rNeg     . . .     Faith    .   b - +0 leather armour
rPois    .         Spirit   .   (no helmet)
rElec    .         Reflect  .   (no cloak)
rCorr    .         Harm     .   f - +0 pair of gloves
MR       .....                  (no boots)
Stlth    ..........             a - amulet of rage
HPRegen  0.20/turn              l - ring of protection from cold
MPRegen  0.10/turn              (no ring)

@: berserking (expiring), very quick
A: small, carnivore
a: Depart the Abyss, Bend Space, Renounce Religion, Evoke Berserk Rage


You were on level 3 of the Dungeon.
You worshipped Lugonu.
Lugonu was pleased with you.
You were not hungry.

You visited 1 branch of the dungeon, and saw 3 of its levels.
You visited the Abyss 1 time.

You collected 141 gold pieces.
You spent 90 gold pieces at shops.

Inventory:

Hand Weapons
 p - a +0 rapier (weapon)
 t - a +0 blowgun
Missiles
 k - 48 stones (quivered)
 u - 8 curare-tipped needles
 x - 31 poisoned needles
Armour
 b - a +0 leather armour (worn)
 f - a +0 pair of gloves (worn)
Jewellery
 a - an amulet of rage (around neck)
 l - a ring of protection from cold (left hand)
Wands
 q - a wand of scattershot (8)
 v - a wand of paralysis (10)
Scrolls
 d - a scroll of brand weapon {unknown}
 e - 2 scrolls of summoning {unknown}
 h - 2 scrolls of identify {unknown}
 i - a scroll of teleportation {unknown}
 j - a scroll of enchant weapon {unknown}
 m - 3 scrolls of remove curse {unknown}
 n - a scroll of fog {unknown}
 o - a scroll of enchant armour {unknown}
Potions
 g - a potion of flight {unknown}
 s - 2 potions of curing
 w - a potion of mutation {unknown}
Comestibles
 c - 8 rations


   Skills:
 + Level 5.0 Fighting
 * Level 7.0 Short Blades
 - Level 0.7 Armour
 - Level 2.4 Dodging
 - Level 2.0 Invocations


You had 5 spell levels left.
You didn't know any spells.
Your spell library was empty.

Dungeon Overview and Level Annotations

Branches:
Dungeon (3/15)

Altars:
Okawaru
Trog
Vehumet
Zin

Annotations:
D:3 Tutankhamun's ghost, amateur DsGl


Innate Abilities, Weirdness & Mutations

You are small and have problems with some larger weapons.
You are carnivorous and can eat meat at any time.


Message History

Space bends around you!
You blink.
A red film seems to cover your vision as you go berserk!
You feel yourself moving faster!
You feel mighty!
You feel a lot more hungry.
You feel a strong urge to attack something.
You hit Tutankhamun's ghost.
Tutankhamun's ghost is lightly damaged.
You puncture Tutankhamun's ghost!
Tutankhamun's ghost is moderately damaged.
Tutankhamun's ghost misses you.
You barely miss Tutankhamun's ghost.
Tutankhamun's ghost is moderately damaged.
You hit Tutankhamun's ghost but do no damage.
Tutankhamun's ghost is moderately damaged.
Tutankhamun's ghost hits you!
* * * LOW HITPOINT WARNING * * *
You hit Tutankhamun's ghost.
Tutankhamun's ghost is moderately damaged.
The bullfrog skeleton barely misses you.
Tutankhamun's ghost hits you!
You die...

######### #........ ######
###'####### ########## #....#
#........# .........# #....#
#........# ########.## #....#
#........# ########..# #....#
#........# #.........##
#.@..######รท######
#..........####ZW..#.........#
#.............#....#...).....#
.#########....#....#.........####
...........(..................>.#
.#########(##########.###.#####.#
## #...Z....# #.######....#
#........# #.#.....)...#
########........# #.#....######


You could see Tutankhamun's ghost and a bullfrog skeleton.

Vanquished Creatures
  A centaur zombie (D:3)
  Natasha (thrice) (D:3)
  3 gnolls
  3 adders
  2 oozes
  4 worms
  2 leopard geckos (D:3)
  6 orcs
  A ball python (D:3)
  6 giant cockroaches
  6 goblins
  11 hobgoblins
  2 jackals (D:3)
  A quokka (D:3)
  10 bats
  2 frilled lizards
  12 kobolds
  4 rats
79 creatures vanquished.

Notes
Turn   | Place    | Note
-------+----------+-------------------------------------------
     0 | Abyss:1  | PentaManta the Kobold Abyssal Knight began the quest for
                  | the Orb.
     0 | Abyss:1  | Reached XP level 1. HP: 14/14 MP: 2/2
   159 | Abyss:2  | Found a deep blue altar of Sif Muna.
   160 | Abyss:2  | Noticed a boggart
   160 | Abyss:2  | Noticed a deep elf mage
   162 | Abyss:2  | Noticed an orc high priest
   164 | D:1      | Escaped the Abyss
   268 | D:1      | Reached skill level 3 in Short Blades
   330 | D:1      | Reached XP level 2. HP: 16/19 MP: 3/3
   384 | D:1      | Reached * piety under Lugonu
   979 | D:2      | Reached skill level 4 in Short Blades
   979 | D:2      | Reached XP level 3. HP: 19/24 MP: 4/4
  1397 | D:2      | Reached XP level 4. HP: 29/29 MP: 5/5
  1482 | D:2      | Found a bloodstained altar of Trog.
  1663 | D:2      | Reached skill level 5 in Short Blades
  1819 | D:2      | Found Zin's Purification Station.
  1822 | D:2      | Found a glowing silver altar of Zin.
  2327 | D:2      | Reached XP level 5. HP: 29/34 MP: 6/6
  2599 | D:2      | Bought a potion of curing for 90 gold pieces
  2721 | D:3      | Found a runed translucent gate.
  2721 | D:3      | Found a runed translucent gate.
  2721 | D:3      | Found a runed translucent gate.
  2722 | D:3      | Noticed Tutankhamun's ghost (amateur DsGl)
  2731 | D:3      | Noticed Natasha
  2858 | D:3      | Reached ** piety under Lugonu
  2885 | D:3      | Killed Natasha
  2885 | D:3      | Reached skill level 6 in Short Blades
  2989 | D:3      | Found a radiant altar of Vehumet.
  3777 | D:3      | Noticed Natasha
  3785 | D:3      | Killed Natasha
  3785 | D:3      | Reached XP level 6. HP: 39/39 MP: 7/7
  3843 | D:3      | Noticed Natasha
  3855 | D:3      | Killed Natasha
  3959 | D:3      | Found an iron altar of Okawaru.
  4182 | D:3      | Reached skill level 5 in Fighting
  4182 | D:3      | Reached skill level 7 in Short Blades
  4202 | D:3      | HP: 1/60 [Tutankhamun's ghost (11)]
  4203 | D:3      | Mangled by Tutankhamun's ghost

Skill      XL: |  1  2  3  4  5  6 |
---------------+-------------------+-----
Short Blades   | 3 4 5 6 7 |  7.0
Fighting       | 4 5 |  5.0
Armour         | |  0.7
Dodging        | |  2.4
Invocations    | |  2.0

Action                   |  1- 3 |  4- 6 || total
-------------------------+-------+-------++-------
Melee: Short sword       |    81 |    61 ||   142
       Rapier            |       |   170 ||   170
 Fire: Blowgun           |       |     1 ||     1
Throw: Stone             |     9 |    26 ||    35
       Throwing net      |       |     2 ||     2
Invok: Depart the Abyss  |     1 |       ||     1
       Bend Space        |       |     2 ||     2
 Abil: Evoke Berserk Rag |       |     2 ||     2
 Stab: Sleeping          |     1 |     1 ||     2
  Eat: Chunk             |     2 |    10 ||    12
Armor: Leather armour    |    34 |    43 ||    77
Dodge: Dodged            |    54 |   172 ||   226
